 Dungeon Sprint DCSS version 0.29-a0-384-g6960b1960d (webtiles) character file.

Game seed: 9065117212555376432

1656 mhtbhm the Protected (level 8, 0/83 HPs)
             Began as a Minotaur Fighter on May 6, 2022.
             Was an Initiate of Gozag.
             Succumbed to a hornet's poison
             ... in the Dungeon (Sprint VII: "The Pits").
             The game lasted 00:02:30 (1240 turns).

mhtbhm the Protected (Minotaur Fighter)             Turns: 1240, Time: 00:02:31

Health: 0/83       AC: 18    Str: 30    XL:     8   Next: 68%
Magic:  7/7        EV:  9    Int:  5    God:    Gozag
Gold:   1485       SH:  6    Dex:  9    Spells: 7/7 levels left

rFire   . . .      SeeInvis .   a - +1 hand axe (vorpal)
rCold   . . .      Faith    .   c - +0 buckler
rNeg    . . .      Spirit   .   b - +3 plate armour
rPois   .          Reflect  .   (helmet restricted)
rElec   .          Harm     .   (no cloak)
rCorr   .          Rampage  .   (no gloves)
Will    .....      NoTele   +   (no boots)
Stlth   ..........              (no amulet)
HPRegen 0.23/turn               o - +3 ring of strength
MPRegen 0.10/turn               p - +3 ring of strength

@: lethally poisoned (0 -> -4), on berserk cooldown, slowed, very slow
A: horns 2, retaliatory headbutt
a: Renounce Religion, Potion Petition, Call Merchant, Bribe Branch


You were in the Dungeon.
You worshipped Gozag.
Gozag was most pleased with you.
You visited 1 branch You collected 1485 gold pieces.

Inventory:

Hand Weapons
 a - a +1 vorpal hand axe (weapon)
 r - the +2 war axe "Onaulobia" {vorpal, rPois rN+ Str+4 Int-5}
   (You found it in the Dungeon)

   It inflicts extra damage upon your enemies.
   Str:       It affects your strength (+4).
   Int:       It affects your intelligence (-5).
   rPois:     It protects you from poison.
   rN:        It protects you from negative energy.
Armour
 b - a +3 plate armour (worn)
 c - a +0 buckler (worn)
Jewellery
 o - a +3 ring of strength (left hand)
 p - a +3 ring of strength (right hand)
Wands
 n - a wand of polymorph (12)
Scrolls
 j - a scroll of blinking
 l - 5 scrolls of amnesia
 m - a scroll of summoning
Potions
 d - a potion of might
 e - 7 potions of curing
 f - 10 potions of heal wounds
 g - a potion of haste
 h - 4 potions of magic
 i - 5 potions of berserk rage
 k - 2 potions of invisibility
 q - a potion of resistance


   Skills:
 + Level 11.7 Fighting
 + Level 11.8 Axes
 + Level 12.9 Armour
 + Level 3.9 Dodging
 + Level 2.2 Stealth
 + Level 10.4 Shields
 - Level 2.1 Unarmed Combat


You had 7 spell levels left.
You didn't know any spells.
Your spell library was empty.

Dungeon Overview and Level Annotations

Branches:
Dungeon (1/1)

Altars:
Ashenzari
Cheibriados
Dithmenos
Elyvilon
Fedhas
Gozag
Hepliaklqana
Kikubaaqudgha
Makhleb
Nemelex Xobeh
Okawaru
Qazlal
Ru
Sif Muna
Trog
Uskayaw
Vehumet
Wu Jian
Xom
Yredelemnul
Zin
The Shining One
Beogh
Jiyva
Lugonu

Annotations:
D Urug


Innate Abilities, Weirdness & Mutations

You have a pair of horns on your head.
You reflexively headbutt those who attack you in melee.


Message History

The tyrant leech is heavily wounded.
You hear a shout!
Urug the Orcish Ballista comes into view.
She is wielding a +2 scimitar of holy wrath.
You hit the tyrant leech. Your headbutt misses the tyrant leech.
The tyrant leech is heavily wounded.
The tyrant leech bites you!!
* * * LOW HITPOINT WARNING * * *
The tyrant leech draws strength from your injuries!
You slash the tyrant leech!
The tyrant leech is severely wounded.
You hit the tyrant leech. Your headbutt misses the tyrant leech.
The tyrant leech is severely wounded.
You hit the hornet. The tyrant leech bites you.
* * * LOW HITPOINT WARNING * * *
The tyrant leech draws strength from your injuries!
You closely miss the tyrant leech.
The tyrant leech is severely wounded.
You slash the hornet! The hornet stings you.
* * * LOW HITPOINT WARNING * * *
You are poisoned.
You feel yourself slow down.
You barely miss the tyrant leech.
The tyrant leech is severely wounded.
You barely miss the hornet.
You feel sick. The hornet stings you.
* * * LOW HITPOINT WARNING * * *
You feel as though you will be slow longer.
Unknown command.
* * * LOW HITPOINT WARNING * * *
You feel sick.
The tyrant leech bites you but does no damage.
The hornet stings you but does no damage.
There is a huge open gate to the Metal Vault (Medium), spattered with blood here.
Unknown command.
The hornet attacks as you move away! The hornet completely misses you.
You feel a strong urge to attack something.
You are no longer berserk.
You are exhausted.
You feel as though you will be slow longer.
You die...
Your body crumbles into a pile of gold.

__.# __.#
...###########++######
##'##................#
)'.##......#..#......#
##.##................+
....'................+
#####......#..#......#
...##...........@....#
##'#####'#####''######
...##.......##wy#
...##.......##.o##
)####.......##...#
...##...<...###...#
)..##.......# ##.....
...##.......# ..###+#
#####.......# .##


You could see Urug, a tyrant leech and a hornet.

Vanquished Creatures
  A deep elf zephyrmancer (D)
  A cane toad (D)
  A demonic crawler (D)
  A ynoxinul (D)
  A water moccasin (D)
  A floating eye (D)
  An orc warrior (D)
  A centaur (D)
  A bullfrog (D)
  A crimson imp (D)
  Ijyb (D)
  An orc wizard (D)
  A mummy (D)
  2 gnolls (D)
  2 orcs (D)
  2 ball pythons (D)
  A bat (D)
  3 giant cockroaches (D)
  2 hobgoblins (D)
  2 quokkas (D)
  A frilled lizard (D)
  A quokka skeleton (D)
29 creatures vanquished.

Notes
Turn   | Place    | Note
-------+----------+-------------------------------------------
     0 | D        | mhtbhm the Minotaur Fighter began the quest for the Orb.
     0 | D        | Reached XP level 1. HP: 19/19 MP: 0/0
    20 | D        | Found a bloodstained altar of Trog.
    20 | D        | Found a shimmering blue altar of Sif Muna.
    20 | D        | Found a viscous altar of Jiyva.
    20 | D        | Found a hazy altar of Hepliaklqana.
    20 | D        | Found an opulent altar of Gozag.
    21 | D        | Found a glowing golden altar of the Shining One.
    21 | D        | Found a glowing silver altar of Zin.
    21 | D        | Found a basalt altar of Yredelemnul.
    21 | D        | Found a shimmering altar of Xom.
    21 | D        | Found an ornate altar of the Wu Jian Council.
    21 | D        | Found a sacrificial altar of Ru.
    21 | D        | Found a stormy altar of Qazlal.
    21 | D        | Found an iron altar of Okawaru.
    21 | D        | Found a sparkling altar of Nemelex Xobeh.
    21 | D        | Found a burning altar of Makhleb.
    21 | D        | Found a blossoming altar of Fedhas.
    21 | D        | Found a white marble altar of Elyvilon.
    21 | D        | Found a shadowy altar of Dithmenos.
    21 | D        | Found a snail-covered altar of Cheibriados.
    24 | D        | Found a corrupted altar of Lugonu.
    24 | D        | Found a radiant altar of Vehumet.
    25 | D        | Found an ancient bone altar of Kikubaaqudgha.
    25 | D        | Found a hide-covered altar of Uskayaw.
    25 | D        | Found a broken altar of Ashenzari.
    30 | D        | Became a worshipper of Gozag Ym Sagoz the Greedy
    85 | D        | Reached skill level 4 in Armour
   163 | D        | Reached skill level 5 in Fighting
   163 | D        | Reached skill level 5 in Armour
   163 | D        | Reached XP level 2. HP: 25/29 MP: 1/1
   205 | D        | Noticed a centaur
   220 | D        | Killed a centaur
   221 | D        | Reached skill level 7 in Armour
   221 | D        | Reached XP level 3. HP: 11/38 MP: 2/2
   221 | D        | Reached XP level 4. HP: 13/45 MP: 3/3
   491 | D        | Noticed an orc warrior
   502 | D        | Killed an orc warrior
   503 | D        | Reached skill level 5 in Axes
   503 | D        | Reached skill level 8 in Armour
   503 | D        | Reached XP level 5. HP: 22/56 MP: 4/4
   517 | D        | Reached skill level 9 in Armour
   517 | D        | Reached XP level 6. HP: 18/62 MP: 5/5
   735 | D        | Noticed Ijyb
   769 | D        | Killed Ijyb
   813 | D        | Noticed a ynoxinul
   819 | D        | Killed a ynoxinul
   820 | D        | Reached skill level 10 in Armour
   820 | D        | Reached skill level 1 in Dodging
   823 | D        | Noticed a floating eye
   823 | D        | Noticed a water moccasin
   826 | D        | Paralysed by a floating eye for 4 turns
   831 | D        | Reached XP level 7. HP: 64/71 MP: 6/6
   834 | D        | Reached skill level 10 in Fighting
   839 | D        | Reached skill level 11 in Armour
   839 | D        | Reached skill level 1 in Stealth
   862 | D        | Noticed a deep elf zephyrmancer
   862 | D        | Noticed a cane toad
   871 | D        | Killed a cane toad
   872 | D        | Reached skill level 10 in Shields
   872 | D        | Reached XP level 8. HP: 42/81 MP: 7/7
   883 | D        | Killed a deep elf zephyrmancer
   884 | D        | Reached skill level 12 in Armour
  1136 | D        | Got the +2 war axe "Onaulobia" {vorpal, rPois rN+ Str+4
                  | Int-5}
  1212 | D        | Noticed a demonic crawler
  1212 | D        | Noticed a tyrant leech
  1230 | D        | Killed a demonic crawler
  1232 | D        | Noticed a hornet
  1233 | D        | Noticed Urug
  1238 | D        | HP: 4/124 [hornet (4)]
  1240 | D        | Succumbed to a hornet's poison

Illustrated notes

Levels and vault maps discovered:
D:        pitsprint [storerooms_1, entrance_room_1, metal_vault_5, armoury_1,
          mini_pit_1, grid_room_1, main_hall_1, silver_pit, the_coven_1,
          the_vestibule_1, steel_vault_1, golden_pit, hallway_of_sentries,
          crystal_vault_4, iron_vault_5, final_vault]

Skill      XL: |  1  2  3  4  5  6  7  8 |
---------------+-------------------------+-----
Fighting       | 5 6 8 9 10 11 | 11.7
Armour         | 5 7 8 9 10 11 12 | 12.9
Shields        | 4 6 8 9 10 | 10.4
Axes           | 3 4 5 7 9 11 | 11.8
Dodging        | 2 3 |  3.9
Unarmed Combat | 2 |  2.1
Stealth        | 1 2 |  2.2

Action                   |  1- 3 |  4- 6 |  7- 9 || total
-------------------------+-------+-------+-------++-------
Melee: Hand axe          |    28 |    39 |    38 ||   105
       Headbutt          |     7 |     9 |     7 ||    23
       War axe           |     3 |       |       ||     3
       Unarmed           |       |    21 |       ||    21
  Use: Potion            |       |     1 |     2 ||     3
 Stab: Distracted        |       |     1 |     1 ||     2
Armor: Scale mail        |    24 |       |       ||    24
       Chain mail        |       |    23 |     8 ||    31
       Skin              |       |     7 |       ||     7
       Plate armour      |       |       |    10 ||    10
Dodge: Dodged            |    20 |    22 |    11 ||    53
Block: Buckler           |     9 |    11 |     8 ||    28

Table legend: (Time is in decaauts)
 A = Elapsed time spent in this place.
 B = Non-inter-level travel time spent in this place.
 C = Inter-level travel time spent in this place.
 D = Time resting spent in this place.
 E = Time spent auto-exploring this place.
 F = Levels seen in this place.
 G = Mean time per level.
                   A        B        C        D        E       F      G
               +--------+--------+--------+--------+--------+-----+--------+
         Total |   1235 |   1235 |      0 |    542 |    309 |   1 | 1235.0 |
       Dungeon |   1235 |   1235 |      0 |    542 |    309 |   1 | 1235.0 |
               +--------+--------+--------+--------+--------+-----+--------+

Top non-repeatable levels by time:
       D: 1235 daAuts
